 Dungeon Crawl Stone Soup version 0.29.1-15-g9cfb28693d (webtiles) character file.

Game seed: 16305059768610612317

14429 Cheops the Brawler (level 12, -15/89 HPs)
             Began as a Ghoul Monk on May 1, 2023.
             Was a High Priest of Wu Jian.
             Demolished by a skeletal warrior
             ... wielding a +0 long sword
              (21 damage)
             ... on level 11 of the Dungeon.
             The game lasted 00:51:53 (17567 turns).

Cheops the Brawler (Ghoul Monk)                    Turns: 17567, Time: 00:51:54

Health: -15/89     AC: 13    Str: 20    XL:     12   Next: 16%
Magic:  11/11      EV: 15    Int:  5    God:    Wu Jian [*****.]
Gold:   1746       SH:  0    Dex: 15    Spells: 11/11 levels left

rFire   + . .      SeeInvis .     - Unarmed
rCold   . . .      Faith    +   (no shield)
rNeg    + + +      Spirit   .   s - +4 ring mail
rPois   ∞          Reflect  .   (no helmet)
rElec   .          Harm     .   F - +2 cloak {Stlth+}
rCorr   .          Rampage  .   (no gloves)
Will    .....                   d - +0 pair of boots
Stlth   ++........              q - amulet "Fiqinikh" {Faith Str+4}
HPRegen 0.00/turn               O - ring of fire
MPRegen 0.12/turn               (no ring)

@: inhibited regen
A: claws 1, cold resistance 1, negative energy resistance 3, inhibited
regeneration, torment resistance 2, devour on kill
a: Renounce Religion, Wall Jump, Serpent's Lash, Heavenly Storm


You were on level 11 of the Dungeon.
You worshipped Wu Jian.
Wu Jian was extremely pleased with you.
You visited 2 branches of the dungeon, and saw 13 of its levels.
You also visited: Sewer and Bailey.

You collected 1776 gold pieces.
You spent 30 gold pieces at shops.

Inventory:

Hand Weapons
 k - a +0 spectral club
 p - a +1 dagger of venom
 E - a +0 long sword of flaming
Armour
 d - a +0 pair of boots (worn)
 l - the +3 leather armour of the Journeyman {Harm Drain Int+2}
   (You took it off a kobold in a bailey)

   Int:       It affects your intelligence (+2).
   Drain:     It drains your maximum health when unequipped.
   Harm:      It increases damage dealt and taken.
 s - a +4 ring mail (worn)
 x - a +2 robe of resistance
 F - a +2 cloak of stealth (worn)
 K - a +0 troll leather armour
 M - a +2 pair of gloves of strength
Jewellery
 a - a ring of wizardry
 q - the amulet "Fiqinikh" (around neck) {Faith Str+4}
   (You found it on level 3 of the Dungeon)

   [amulet of faith]

   It allows you to gain divine favour quickly.
   Str:       It affects your strength (+4).
 O - a ring of fire (left claw)
Wands
 B - a wand of charming (14)
 C - a wand of polymorph (11)
 G - a wand of flame (9)
 L - a wand of roots (5)
Scrolls
 i - 6 scrolls of teleportation
 n - 3 scrolls of blinking
 o - 2 scrolls of poison
 t - 3 scrolls of butterflies {unknown}
 v - 2 scrolls of vulnerability {unknown}
 w - 3 scrolls of enchant weapon {unknown}
 y - a scroll of acquirement {unknown}
 D - a scroll of brand weapon {unknown}
 H - a scroll of enchant armour {unknown}
 I - 2 scrolls of amnesia {unknown}
 J - a scroll of torment {unknown}
Potions
 c - 4 potions of curing
 e - 5 potions of mutation {unknown}
 f - 2 potions of heal wounds
 g - 2 potions of might
 h - a potion of cancellation
 j - 6 potions of flight
 m - 3 potions of attraction
 r - a potion of brilliance
 u - a potion of invisibility
 z - 3 potions of resistance
 A - 3 potions of haste
 N - a potion of ambrosia
Miscellaneous
 b - a phial of floods


   Skills:
 - Level 3.2 Fighting
 - Level 9.6 Dodging
 - Level 2.1 Stealth
 * Level 17.2 Unarmed Combat
 + Level 4.4 Evocations


You had 11 spell levels left.
You didn't know any spells.
Your spell library contained the following spells:

 Spells                   Type           Power      Damage    Failure   Level
 Ensorcelled Hibernation  Hex/Ice        0%         N/A       80%         2
 Confusing Touch          Hex            0%         N/A       95%         3
 Gell's Gravitas          Tloc           0%         N/A       95%         3
 Lesser Beckoning         Tloc           0%         N/A       95%         3
 Teleport Other           Tloc           0%         N/A       95%         3
 Anguish                  Hex/Necr       0%         N/A       100%        4
 Fulminant Prism          Conj/Hex       0%         3d6       100%        4
 Iskenderun's Mystic Bla  Conj/Tloc      0%         2d3       100%        4
 Passage of Golubria      Tloc           0%         N/A       100%        4
 Lee's Rapid Deconstruct  Erth           0%         3d5*      100%        5
 Silence                  Hex/Air        0%         N/A       100%        5
 Yara's Violent Unravell  Hex/Tmut       0%         3d3       100%        5
 Enfeeble                 Hex            0%         N/A       100%        7
 Lehudib's Crystal Spear  Conj/Erth      0%         10d2      100%        8
 Spider Form              Tmut/Pois      Unusable   N/A       N/A         3

Dungeon Overview and Level Annotations

Branches:
Dungeon (12/15)            Temple (1/1) D:7            Lair (0/5) D:8
  Sewer (visited)          Bailey (visited)
    Orc: D:9-12

Altars:
Ashenzari
Cheibriados
Dithmenos
Fedhas
Gozag
Hepliaklqana
Kikubaaqudgha
Makhleb
Nemelex Xobeh
Okawaru
Qazlal
Ru
Sif Muna
Trog
Uskayaw
Vehumet
Wu Jian
Xom
Yredelemnul

Shops:
D:4 !

Annotations:
D:4 3 runed translucent doors, Brasilia's ghost, amateur FeWn
D:10 2 transporters, mkat's ghost, journeyman DsGl


Innate Abilities, Weirdness & Mutations

You are immune to poison.
You have sharp fingernails.
Your flesh is cold resistant. (rC+)
You are immune to negative energy. (rN+++)
You do not regenerate when monsters are visible.
You are immune to unholy pain and torment.
You thrive by killing the living.


Message History

The skeletal warrior is moderately damaged.
The skeletal warrior hits you but does no damage.
You mangle the skeletal warrior!! Your claw misses the skeletal warrior.
The skeletal warrior is heavily damaged.
The skeletal warrior hits you with a +0 long sword!
You barely miss the skeletal warrior. Your claw misses the skeletal warrior.
The skeletal warrior is heavily damaged.
You scratch the skeletal warrior but do no damage.
You claw the skeletal warrior!
The skeletal warrior is severely damaged.
The skeletal warrior hits you with a +0 long sword!!
You scratch the skeletal warrior.
The skeletal warrior is almost destroyed.
The skeletal warrior hits you with a +0 long sword!!
* * * LOW HITPOINT WARNING * * *
You scratch the skeletal warrior. Your claw misses the skeletal warrior.
The skeletal warrior is almost destroyed.
You scratch the skeletal warrior but do no damage.
You claw the skeletal warrior.
The skeletal warrior is almost destroyed.
The skeletal warrior hits you but does no damage.
You scratch the skeletal warrior but do no damage.
Your claw misses the skeletal warrior.
The skeletal warrior is almost destroyed.
The skeletal warrior hits you with a +0 long sword!
* * * LOW HITPOINT WARNING * * *
You scratch the skeletal warrior but do no damage.
The skeletal warrior is almost destroyed.
You barely miss the skeletal warrior.
The skeletal warrior is almost destroyed.
The skeletal warrior hits you with a +0 long sword.
* * * LOW HITPOINT WARNING * * *
You scratch the skeletal warrior but do no damage.
The skeletal warrior is almost destroyed.
The skeletal warrior hits you with a +0 long sword!
* * * LOW HITPOINT WARNING * * *
You scratch the skeletal warrior.
The skeletal warrior is almost destroyed.
The skeletal warrior hits you with a +0 long sword!!
You die...

##.# #.# #.# #.# #### ##.######
#.# ...### #......<############.#
...+.## #.................##.###
...#..####.......#########.......
...##............# ####.###
...#######......z# #..# ...#
#......@# #.## #### ###.##### #.#
###.# #.# ##...# #.# #..### #.#
#.## #.# #.# #.# #.# #.# #.# #.#


You could see a skeletal warrior.

Vanquished Creatures
  A spark wasp (D:11)
  Erica (D:11)
  A two-headed ogre (D:9)
  Nergalle (D:10)
  A cyclops (D:11)
  2 unseen horrors (D:11)
  Psyche (D:9)
  A komodo dragon (D:8)
  2 trolls
  A hornet (D:9)
  Prince Ribbit (D:7)
  A vampire (D:11)
  Grum (D:11)
  4 wyverns
  7 yaks
  2 vampire mosquitoes (D:11)
  Menkaure (D:4)
  Edmund (D:4)
  5 water moccasins
  4 black bears
  2 ice beasts (D:5)
  9 orc warriors
  A sky beast (D:4)
  A tengu (D:10)
  4 ogres (D:5)
  4 wolves (D:11)
  10 centaurs
  3 phantoms
  6 kobold brigands
  Blork the orc (D:5)
  3 bullfrogs
  A gnoll sergeant (D:6)
  A necrophage (D:7)
  6 scorpions
  5 wights (D:7)
  14 killer bees
  2 electric eels (D:9)
  2 howler monkeys (D:8)
  4 orc priests
  6 hounds
  2 jellies
  Crazy Yiuf (D:7)
  2 gnoll boudas
  Jessica (D:2)
  8 iguanas
  10 orc wizards
  20 gnolls
  17 adders
  3 river rats (Sewer)
  A shadow imp (D:5)
  A white imp (D:8)
  An ufetubus (D:5)
  8 worms
  4 dart slugs
  33 orcs
  7 endoplasms
  3 giant cockroaches
  8 goblins
  15 hobgoblins
  2 quokkas
  5 ball pythons
  3 bats
  4 frilled lizards
  26 kobolds
  6 rats
315 creatures vanquished.

Vanquished Creatures (collateral kills)
  Dowan (D:5)
1 creature vanquished.

Vanquished Creatures (others)
  Duvessa (D:5)
  A scorpion (D:5)
  39 fungi (D:8)
  55 plants
96 creatures vanquished.

Grand Total: 412 creatures vanquished

Notes
Turn   | Place    | Note
-------+----------+-------------------------------------------
     0 | D:1      | Cheops the Ghoul Monk began the quest for the Orb.
     0 | D:1      | Reached XP level 1. HP: 19/19 MP: 0/0
   339 | D:1      | Found a faded altar of an unknown god.
   400 | D:1      | Reached XP level 2. HP: 26/26 MP: 1/1
   578 | D:1      | Reached skill level 4 in Unarmed Combat
   751 | D:1      | Reached XP level 3. HP: 24/31 MP: 2/2
  1448 | D:2      | Reached XP level 4. HP: 35/38 MP: 3/3
  1462 | D:2      | Reached skill level 5 in Unarmed Combat
  1551 | D:2      | Noticed Jessica
  1551 | D:2      | You fall into a shaft and drop 1 floor!
  1622 | D:2      | Killed Jessica
  1623 | D:2      | Reached XP level 5. HP: 45/45 MP: 4/4
  1793 | D:2      | Found a basalt altar of Yredelemnul.
  2170 | D:3      | Found a hazy altar of Hepliaklqana.
  2180 | D:3      | Found a shimmering blue altar of Sif Muna.
  2184 | D:3      | Identified the amulet "Fiqinikh" {Faith Str+4}
  2630 | D:4      | Noticed Menkaure
  2654 | D:4      | Killed Menkaure
  2655 | D:4      | Reached skill level 6 in Unarmed Combat
  2655 | D:4      | Reached XP level 6. HP: 11/51 MP: 5/5
  3097 | D:4      | Found Vugait's Distillery.
  3118 | D:4      | Bought a potion of curing for 30 gold pieces
  3135 | D:4      | Noticed Edmund
  3141 | D:4      | Noticed a sky beast
  3148 | D:4      | Killed Edmund
  3149 | D:4      | Reached skill level 7 in Unarmed Combat
  3149 | D:4      | Reached XP level 7. HP: 24/57 MP: 6/6
  3734 | D:4      | Found a runed translucent gate.
  3735 | D:4      | Found a runed translucent gate.
  3735 | D:4      | Found a runed translucent gate.
  3735 | D:4      | Noticed Brasilia's ghost (amateur FeWn)
  3949 | D:5      | Entered Level 5 of the Dungeon
  3984 | D:4      | Reached skill level 5 in Dodging
  4001 | D:5      | Reached skill level 8 in Unarmed Combat
  4044 | D:5      | Noticed Blork the orc
  4120 | D:5      | Found a glowing drain.
  4148 | Sewer    | Entered a sewer
  4223 | Sewer    | Reached XP level 8. HP: 62/63 MP: 7/7
  4530 | Sewer    | Reached skill level 9 in Unarmed Combat
  5443 | D:5      | Killed Blork the orc
  5444 | D:5      | Reached skill level 10 in Unarmed Combat
  5543 | D:5      | HP: 3/63 [ogre/+0 giant club (20)]
  5554 | D:4      | HP: 3/63 [gnoll/+0 club[a gnoll bouda] (8)]
  5839 | D:5      | Reached XP level 9. HP: 69/70 MP: 8/8
  5965 | D:5      | Reached skill level 11 in Unarmed Combat
  6509 | D:5      | Noticed Dowan
  6510 | D:5      | Noticed Duvessa
  6526 | D:5      | Killed Dowan
  6553 | D:5      | Your ally Duvessa died
  6653 | D:5      | Reached skill level 12 in Unarmed Combat
  6945 | D:1      | Found a faded altar of an unknown god.
  7479 | D:2      | Found a basalt altar of Yredelemnul.
  8024 | D:3      | Found a hazy altar of Hepliaklqana.
  8025 | D:3      | Found a shimmering blue altar of Sif Muna.
  8303 | D:4      | Found Vugait's Distillery.
  8575 | D:4      | Found a runed translucent gate.
  8576 | D:4      | Found a runed translucent gate.
  8576 | D:4      | Found a runed translucent gate.
  9679 | D:6      | Reached XP level 10. HP: 77/77 MP: 9/9
 10160 | D:7      | Reached skill level 13 in Unarmed Combat
 10712 | D:7      | Found a staircase to the Ecumenical Temple.
 10721 | Temple   | Entered the Ecumenical Temple
 10816 | Temple   | Became a worshipper of the Wu Jian Council
 10816 | Temple   | Reached * piety under Wu Jian
 10816 | Temple   | Reached ** piety under Wu Jian
 10959 | D:7      | Found a runed translucent door.
 10960 | D:7      | Noticed Crazy Yiuf
 11007 | D:7      | Noticed Prince Ribbit
 11033 | D:7      | Killed Prince Ribbit
 11114 | D:7      | Found a hide-covered altar of Uskayaw.
 11251 | D:7      | Killed Crazy Yiuf
 11878 | D:8      | Found a staircase to the Lair.
 11915 | D:8      | Reached skill level 14 in Unarmed Combat
 12717 | D:9      | Noticed a two-headed ogre
 12852 | D:9      | Reached XP level 11. HP: 82/82 MP: 10/10
 13077 | D:9      | Reached *** piety under Wu Jian
 13080 | D:9      | Reached skill level 15 in Unarmed Combat
 13274 | D:9      | Killed a two-headed ogre
 13524 | D:9      | Noticed Psyche
 13532 | D:9      | Killed Psyche
 13965 | D:10     | Entered Level 10 of the Dungeon
 13967 | D:10     | Noticed Nergalle
 13988 | D:10     | Killed Nergalle
 13989 | D:10     | Reached skill level 1 in Evocations
 14127 | D:10     | Found a flagged portal.
 14198 | Bailey   | Entered a bailey
 14391 | Bailey   | Identified the +3 leather armour of the Journeyman {Harm
                  | Drain Int+2}
 14401 | Bailey   | Reached **** piety under Wu Jian
 14676 | Bailey   | Reached skill level 16 in Unarmed Combat
 14957 | D:10     | Noticed a five-headed hydra
 14960 | D:10     | Found a transporter.
 14965 | D:10     | Noticed a two-headed ogre
 14970 | D:10     | Noticed mkat's ghost (journeyman DsGl)
 15010 | D:10     | Found a transporter.
 15019 | D:10     | Noticed a manticore
 15307 | D:10     | Noticed a deep troll
 15361 | D:10     | Noticed a sea snake
 15361 | D:10     | a swamp worm changed into a sea snake
 16078 | D:11     | Noticed Grum
 16085 | D:11     | Reached ***** piety under Wu Jian
 16472 | D:11     | Killed Grum
 16599 | D:11     | Noticed Erica
 16599 | D:11     | Noticed a boulder beetle
 16608 | D:11     | Killed Erica
 16609 | D:11     | Reached XP level 12. HP: 55/89 MP: 11/11
 16759 | D:11     | Noticed a spark wasp
 16759 | D:11     | a boulder beetle changed into a spark wasp
 16764 | D:11     | Killed a spark wasp
 16765 | D:11     | Reached skill level 17 in Unarmed Combat
 17567 | D:11     | Demolished by a skeletal warrior

Illustrated notes

Levels and vault maps discovered:
D:1:      ebering_trefoil_twist, layout_basic, ebering_ecumenical_altar_mist
D:2:      layout_basic, basic_altar, minmay_tall_x, uniq_jessica
D:3:      layout_rooms, grunt_temple_overflow_open, serial_curves,
          eino_curves_01, eino_curves_03
D:4:      layout_basic, ebering_ghost_rock_garden, serial_shops,
          nicolae_diamond_shop, minivault_14, uniq_edmund, uniq_menkaure
D:5:      minmay_razor_zed, layout_gridville, portal_sewer_entry_b,
          grunt_tough_drop, uniq_blork_the_orc, uniq_duvessa
D:6:      layout_cave_pools
D:7:      layout_loops_ring, general_overflow_altar,
          minmay_temple_entry_water_ring, uniq_crazy_yiuf_cottage,
          uniq_prince_ribbit1
D:8:      layout_cave_pools, due_lair_maze_entry_diamond, serial_rivers,
          chequers_serial_rivers_micro_e, chequers_serial_rivers_micro_e,
          chequers_serial_rivers_marsh, chequers_serial_rivers_micro_e
D:9:      layout_long_grid, serial_bayou, serial_bayou_pond_d,
          serial_bayou_lagoon_a, serial_bayou_pond_e, serial_bayou_shore_a,
          nicolae_hexahallways, centaur_isle, uniq_psyche
D:10:     layout_basic, nzn_ghost_randoct, enter_bailey_2, uniq_nergalle
D:11:     layout_roguey, uniq_grum, uniq_erica
D:12:     layout_rooms, orc_0_dummy, minmay_fractal_squares_gapless_7
Temple:   hc_temple_tempest_star

Skill      XL: |  1  2  3  4  5  6  7  8  9 10 11 12 |
---------------+-------------------------------------+-----
Unarmed Combat | 4 5 6 7 8 10 12 14 16 17 | 17.2
Dodging        | 3 4 5 6 7 9 |  9.6
Evocations     | 4 |  4.4
Fighting       | |  3.2
Stealth        | |  2.1

Action                   |  1- 3 |  4- 6 |  7- 9 | 10-12 || total
-------------------------+-------+-------+-------+-------++-------
Melee: Unarmed           |   103 |   105 |   436 |   567 ||  1211
       Punch             |     3 |     2 |    18 |    46 ||    69
Invok: Whirlwind         |       |       |       |    20 ||    20
       Lunge             |       |       |       |    24 ||    24
 Abil: Wall Jump         |       |       |       |     1 ||     1
Evoke: Wand              |       |       |     7 |    16 ||    23
  Use: Scroll            |       |       |     9 |     8 ||    17
       Potion            |       |       |     4 |     3 ||     7
 Stab: Sleeping          |     3 |     1 |       |     2 ||     6
       Distracted        |       |       |       |     3 ||     3
Armor: Robe              |    16 |     2 |       |       ||    18
       Ring mail         |       |    10 |   116 |   199 ||   325
Dodge: Dodged            |    66 |    54 |   223 |   332 ||   675
